 Dungeon Crawl Stone Soup version 0.20.1-1-g8b1a95d (webtiles) character file.

25 wolfsongas the Cudgeler (level 2, -1/29 HPs)
             Began as a Troll Fighter on Aug 3, 2017.
             Slain by a hobgoblin
             ... wielding a +0 club
             ... led by Robin
              (4 damage)
             ... on level 2 of the Dungeon.
             The game lasted 00:01:29 (831 turns).

wolfsongas the Cudgeler (Troll Fighter)              Turns: 831, Time: 00:01:30

Health: -1/29      AC:  5    Str: 23    XL:     2   Next: 82%
Magic:  1/1        EV:  8    Int:  4    God:
Gold:   33         SH:  8    Dex:  9    Spells: 1/1 levels left

rFire    . . .     SeeInvis .   a - +0 flail
rCold    . . .     Gourm    +   c - +0 shield
rNeg     . . .     Faith    .   b - +0 robe
rPois    .         Spirit   .   (helmet restricted)
rElec    .         Reflect  .   (no cloak)
rCorr    .         Harm     .   (gloves unavailable)
MR       .....                  (boots unavailable)
Stlth    +.........             (no amulet)
Regen    0.5/turn               (no ring)
MPRegen  0.1/turn               (no ring)

@: no status effects
A: unfitting armour, claws 3, fast metabolism 3, gourmand, regeneration 1,
shaggy fur 1, tough skin 2
a: no special abilities


You were on level 2 of the Dungeon.
You were hungry.

You visited 1 branch of the dungeon, and saw 2 of its levels.

You collected 33 gold pieces.

Inventory:

Hand Weapons
 a - a +0 flail (weapon)
Armour
 b - a +0 robe (worn)
 c - a +0 shield (worn)
Scrolls
 g - a scroll of random uselessness {unknown}
 k - a scroll of remove curse
 l - a scroll of identify
Potions
 e - a potion of brilliance {unknown}
 h - a potion of heal wounds
 i - a potion of cancellation
Comestibles
 f - 2 bread rations
 j - 2 fruits


   Skills:
 - Level 2.4 Fighting
 * Level 3.1 Maces & Flails
 - Level 2.4 Dodging
 - Level 2.4 Shields


You had one spell level left.
You didn't know any spells.

Dungeon Overview and Level Annotations

Branches:
Dungeon (2/15)

Altars:

Annotations:
D:2 Robin


Innate Abilities, Weirdness & Mutations

You are too large for most types of armour.
You have claws for hands.
Your metabolism is lightning-fast.
You like to eat raw meat.
Your natural rate of healing is unusually fast.
You are covered in fur. (AC +1)
You have very tough skin. (AC +2)


Message History

The hobgoblin hits you but does no damage.
You closely miss the hobgoblin. The goblin closely misses you.
You block the goblin's attack. The hobgoblin hits you with a club.
You hit the hobgoblin but do no damage.
You feel a little less mighty now. The goblin hits you but does no damage.
You block the goblin's attack. The hobgoblin hits you with a club.
Robin roars a battlecry!
The goblins go into a battle-frenzy!
You hear a shout! x2
You hit the hobgoblin but do no damage. The goblin hits you with a club.
You block the goblin's attack. The hobgoblin barely misses you.
Robin roars a battlecry!
The goblin hits you. The goblin barely misses you.
You closely miss the hobgoblin. The hobgoblin barely misses you.
The goblin closely misses you. The goblin hits you but does no damage.
Robin hits you with a whip of electrocution.
* * * LOW HITPOINT WARNING * * *
The hobgoblin hits you with a club.
You die...

#. ##.##.# #.....#
#...#.# #...#.####
#.#...... #.....#
#.#####..)..#
....%...!g@g####...
#.......#g.gg.(g.#
#####.#.##<)##.g.#
#.#.##.....#.# #
#.##%###...# #.##.#
.## #.##.. ..
#..... # ###


You could see Robin, 2 hobgoblins and 4 goblins.

Vanquished Creatures
  A worm (D:2)
  A dart slug (D:1)
  4 goblins
  4 hobgoblins
  4 jackals (D:1)
  A frilled lizard (D:2)
  2 rats (D:1)
17 creatures vanquished.

Notes
Turn   | Place    | Note
-------+----------+-------------------------------------------
     0 | D:1      | wolfsongas the Troll Fighter began the quest for the Orb.
     0 | D:1      | Reached XP level 1. HP: 22/22 MP: 0/0
   220 | D:1      | Reached skill level 2 in Maces & Flails
   353 | D:1      | Reached XP level 2. HP: 29/29 MP: 1/1
   809 | D:2      | Reached skill level 3 in Maces & Flails
   824 | D:2      | Noticed Robin
   831 | D:2      | Slain by a hobgoblin

Skill      XL: |  1  2 |
---------------+-------+-----
Maces & Flails | 2 3 |  3.1
Fighting       | |  2.4
Dodging        | |  2.4
Shields        | |  2.4

Action                   || total
-------------------------++-------
Melee: Flail             ||    55
  Use: Potion            ||     3
       Scroll            ||     1
  Eat: Chunk             ||     4
Armor: Robe              ||    31
Dodge: Dodged            ||    30
Block: Shield            ||    34
